 Dungeon Crawl Stone Soup version 0.28-a0-730-g892d06dc2c (webtiles) character file.

Game seed: 11085518108163239246

105 kae the Sneak (level 4, -3/21 HPs)
             Began as a Spriggan Enchanter on Oct 28, 2021.
             Slain by an ogre (24 damage)
             ... on level 3 of the Dungeon.
             The game lasted 00:02:25 (2965 turns).

kae the Sneak (Spriggan Enchanter)                  Turns: 2965, Time: 00:02:25

Health: -3/21      AC:  3    Str:  5    XL:     4   Next: 53%
Magic:  8/10       EV: 17    Int: 16    God:
Gold:   88         SH:  0    Dex: 15    Spells: 8/10 levels left

rFire   . . .      SeeInvis +   a - +1 dagger
rCold   . . .      Faith    .   (shield restricted)
rNeg    . . .      Spirit   .   b - +1 robe
rPois   .          Reflect  .   (helmet restricted)
rElec   .          Harm     .   (no cloak)
rCorr   .          Rampage  .   (gloves unavailable)
Will    .....                   (boots unavailable)
Stlth   +++.......              (no amulet)
HPRegen 0.07/turn               (no ring)
MPRegen 0.12/turn               (no ring)

@: very quick
A: very small, no large weapons, unfitting armour, see invisible, speed 3
a: no special abilities


You were on level 3 of the Dungeon.
You visited 1 branch of the dungeon, and saw 3 of its levels.

You collected 88 gold pieces.

Inventory:

Hand Weapons
 a - a +1 dagger (weapon)
Armour
 b - a +1 robe (worn)
Jewellery
 d - a ring of fire
Scrolls
 h - a scroll of vulnerability {unknown}
 i - 2 scrolls of identify
 j - a scroll of blinking {unknown}
Potions
 c - a potion of invisibility
 e - a potion of cancellation
 f - 2 potions of lignification {unknown}
 g - 2 potions of haste
 k - a potion of brilliance {unknown}


   Skills:
 * Level 3.1 Short Blades
 - Level 2.6 Dodging
 + Level 5.3 Stealth
 + Level 3.5 Spellcasting
 + Level 4.3 Hexes


You had 8 spell levels left.
You knew the following spells:

 Your Spells              Type           Power      Damage    Failure   Level
a - Ensorcelled Hibernat  Hex/Ice        18%        N/A       11%         2

Your spell library contained the following spells:

 Spells                   Type           Power      Damage    Failure   Level
 Confusing Touch          Hex            16%        N/A       9%          3
 Tukima's Dance           Hex            16%        N/A       9%          3
 Dazzling Flash           Conj/Hex       18%        N/A       22%         3


Dungeon Overview and Level Annotations

Branches:
Dungeon (3/15)

Altars:

Annotations:
D:2 Natasha


Innate Abilities, Weirdness & Mutations

You are very small and have problems with some larger weapons.
You are too small for most types of armour.
You have supernaturally acute eyesight. (SInv)
You cover ground extremely quickly. (Speed+++)


Message History

The ball python constricts you.
You closely miss the ball python. The ball python barely misses you.
The ball python constricts you.
Casting: Ensorcelled Hibernation (safe; 11% risk of failure)
Confirm with . or Enter, or press ? or * to list all spells.
Aiming: Ensorcelled Hibernation (safe; 11% risk of failure)
Press: ? - help, Shift-Dir - straight line, f - ball python
Aim: a ball python (constricting you, chance to affect: 58%)
The ball python resists with significant effort.
The ball python misses you. The ball python constricts you.
Casting: Ensorcelled Hibernation (safe; 11% risk of failure)
Confirm with . or Enter, or press ? or * to list all spells.
Aiming: Ensorcelled Hibernation (safe; 11% risk of failure)
Press: ? - help, Shift-Dir - straight line, f/p - ball python
Aim: a ball python (constricting you, chance to affect: 58%)
The ball python looks drowsy...
The ball python loses its grip on you.
Casting: Ensorcelled Hibernation (safe; 11% risk of failure)
Confirm with . or Enter, or press ? or * to list all spells.
You can't see any susceptible monsters within range! (Use Z to cast anyway.)
The helpless ball python fails to defend itself.
You impale the ball python!!
You kill the ball python!
No target in view!
There is a shaft here.
You see here a staff of fire.
An ogre comes into view. It is wielding a +0 giant club.
The ogre shouts!
You hear a shout!
An ogre is nearby!
An ogre is nearby!
An ogre is nearby!
Found a stone staircase leading down.
Casting: Ensorcelled Hibernation (safe; 11% risk of failure)
Confirm with . or Enter, or press ? or * to list all spells.
Aiming: Ensorcelled Hibernation (safe; 11% risk of failure)
Press: ? - help, Shift-Dir - straight line, f - ogre
Aim: an ogre, wielding a +0 giant club (chance to affect: 40%)
The ogre resists with some effort.
The ogre hits you with a +0 giant club!!
Ouch! That really hurt!
You die...

##############
#.@.........|#
#O##########.#
..> #.# .....
#^# #.#### #.#
# #.# #.# #.##
#..#


You could see an ogre.

Vanquished Creatures
  An adder (D:2)
  3 gnolls (D:2)
  A worm (D:3)
  2 dart slugs
  5 bats
  5 endoplasms
  5 giant cockroaches
  A goblin (D:1)
  5 hobgoblins
  4 jackals (D:1)
  3 quokkas
  8 ball pythons
  3 frilled lizards
  8 kobolds
  3 rats
57 creatures vanquished.

Notes
Turn   | Place    | Note
-------+----------+-------------------------------------------
     0 | D:1      | kae the Spriggan Enchanter began the quest for the Orb.
     0 | D:1      | Reached XP level 1. HP: 9/9 MP: 5/5
   230 | D:1      | Reached XP level 2. HP: 13/13 MP: 6/6
   234 | D:1      | Learned a level 2 spell: Ensorcelled Hibernation
   794 | D:1      | Reached XP level 3. HP: 10/16 MP: 5/8
  1305 | D:2      | Reached skill level 5 in Stealth
  1649 | D:2      | Found a faded altar of an unknown god.
  1653 | D:2      | Noticed Natasha
  2301 | D:2      | Reached XP level 4. HP: 21/21 MP: 10/10
  2963 | D:3      | Noticed an ogre
  2965 | D:3      | Slain by an ogre

Illustrated notes

Levels and vault maps discovered:
D:1:      minmay_arrival_split_and_join, layout_loops_ring,
          palyth_stone_intersect, corexii_item_surrounded_by_moat
D:2:      layout_rooms, basic_ecumenical_altar, uniq_natasha
D:3:      layout_basic, kennysheep_vampire_church, minmay_joined_circles

Skill      XL: |  1  2  3  4 |
---------------+-------------+-----
Spellcasting   | 3 |  3.5
Short Blades   | 2 3 |  3.1
Hexes          | 4 |  4.3
Stealth        | 5 |  5.3
Dodging        | |  2.6

Action                   |  1- 3 |  4- 6 || total
-------------------------+-------+-------++-------
Melee: Dagger            |   144 |    20 ||   164
 Cast: Ensorcelled Hiber |    23 |     9 ||    32
  Use: Scroll            |     4 |       ||     4
 Stab: Sleeping          |    28 |     6 ||    34
Armor: Robe              |    20 |     1 ||    21
Dodge: Dodged            |   106 |    11 ||   117

Table legend: (Time is in decaauts)
 A = Elapsed time spent in this place.
 B = Non-inter-level travel time spent in this place.
 C = Inter-level travel time spent in this place.
 D = Time resting spent in this place.
 E = Time spent auto-exploring this place.
 F = Levels seen in this place.
 G = Mean time per level.
                   A        B        C        D        E       F      G
               +--------+--------+--------+--------+--------+-----+--------+
         Total |   2437 |   2390 |     47 |    645 |   1350 |   3 |  812.3 |
       Dungeon |   2437 |   2390 |     47 |    645 |   1350 |   3 |  812.3 |
               +--------+--------+--------+--------+--------+-----+--------+

Top non-repeatable levels by time:
     D:2: 1444 daAuts
     D:1: 822 daAuts
     D:3: 171 daAuts
